[Event "Marshall CC U2400 April 2024"]
[Site "New York"]
[Date "2024.04.22"]
[Round "5.5"]
[White "Jiang, Jason"]
[Black "Patay, Travis"]
[Result "1-0"]
[ECO "D10"]
[WhiteElo "2005"]
[BlackElo "2008"]
[Annotator "TA"]
[PlyCount "77"]
[EventDate "2024.04.20"]
[EventType "swiss"]
[EventCountry "USA"]
[SourceTitle "playchess.com"]
[Source "ChessBase"]
[SourceQuality "1"]
[TimeControl "5400+30"]

1. c4 c6 2. Nc3 d5 3. cxd5 cxd5 4. d4 Nf6 5. Bf4 Nc6 6. e3 e6 7. Bd3 Bb4 8. Nge2 O-O 9. a3 Bd6 {[%emt 0:03:09] The position is equal.} 10. O-O h6 11. b4 b6 12. Qd2 Bb7 13. Rfc1 Rc8 14. Bb5 Ne7 15. Rc2 Ng6 16. Bg3 h5 17. Bd3 (17. Bxd6 {feels hotter.} Qxd6 18. h3 Ne4 19. Qd1) 17... Bxg3 18. Nxg3 h4 19. Nge2 Ne4 20. Nxe4 dxe4 21. Rxc8 Qxc8 22. Bb5 {[%emt 0:01:32] [#]} h3 $1 23. g3 {[%emt 0:00:59] Wards off Nh4} e5 24. d5 (24. dxe5 $11 Nxe5 25. Nd4) 24... a6 (24... Qg4 $17 {aiming for ...Qf3.} 25. Qd1 a6) 25. Ba4 $1 $11 Qf5 {[%emt 0:05:35] Hoping for ...Qf3.} (25... Qg4 {keeps more tension.} 26. Bd1 Nh4 27. Nd4 Qd7) 26. Bd1 $1 Rd8 27. Nc3 Ne7 28. Bc2 Qd7 ({Reject} 28... Bxd5 $6 29. Bxe4 Qd7 30. Nxd5 Nxd5 31. Rd1 $16) (28... Rxd5 $1 $11 {remains equal.} 29. Nxd5 Qf3 30. Nxe7+ (30. Bxe4 Qxe4 31. Nxe7+ Kh7 $11) 30... Kh7) 29. Bxe4 $16 f5 (29... Nxd5 $142 30. Nxd5 Bxd5) 30. Bf3 (30. Bc2 $16) 30... Nxd5 $14 31. Bxd5+ (31. Nxd5 {simplifies} Bxd5 32. Be2 Bb7 33. Qxd7 Rxd7 34. Bf1) 31... Bxd5 32. Rd1 Bc6 {[%emt 0:01:00][%mdl 8192] [#] This move loses the game for Black.} (32... Be6 $11 33. Qxd7 (33. Qe2 Qe8 $15) 33... Rxd7) 33. Qa2+ $18 {[%emt 0:01:15] White is clearly winning.} Kh7 34. Rxd7 Bxd7 35. Qd5 e4 36. Qd6 Rc8 37. Qxd7 Rxc3 38. Qxf5+ Kg8 39. Qxh3 {[%emt 0:50:51] Weighted Error Value: White=0.15 (very precise) /Black=0.18 (very precise) .  Loses game:     	---       	Black=1      Mistake:       	White=2     	Black=3      OK:         	White=7     	Black=8      Best:        	White=2     	Black=1      Strong:       	White=2     	---} (39. Qxe4 $2 Rc1#) 1-0